 Dungeon Crawl Stone Soup version 0.27-a0-249-g74f53ef629 (webtiles) character file.

Game seed: 12891133864229191860

3 epen the Sneak (level 1, -7/16 (19) HPs)
             Began as a Draconian Delver on Feb 3, 2021.
             Killed by nerve-wracking pain
             ... invoked by an orc priest
              (8 damage)
             ... on level 4 of the Dungeon.
             The game lasted 00:00:40 (120 turns).

epen the Sneak (Draconian Delver)                    Turns: 120, Time: 00:00:41

HP:   -7/16 (19)    AC:  4    Str: 14    XL:     1   Next: 41%
MP:   1/1           EV: 12    Int: 10    God:
Gold: 15            SH:  0    Dex: 12    Spells: 0/0 levels left

rFire    . . .     SeeInvis .   a - +0 short sword
rCold    . . .     Faith    .   (no shield)
rNeg     . . .     Spirit   .   (armour unavailable)
rPois    .         Reflect  .   (helmet restricted)
rElec    .         Harm     .   (no cloak)
rCorr    .         Rampage  .   (no gloves)
Will     .....                  (no boots)
Stlth    +++.......             (no amulet)
HPRegen  0.05/turn              (no ring)
MPRegen  0.07/turn              (no ring)

@: heavily drained
A: unfitting armour, cold-blooded, AC +4
a: no special abilities


You were on level 4 of the Dungeon.
You visited 1 branch of the dungeon, and saw 2 of its levels.

You collected 15 gold pieces.

Inventory:

Hand Weapons
 a - a +0 short sword (weapon)
Wands
 f - a wand of digging (3)
Scrolls
 b - a scroll of fog
 c - a scroll of magic mapping
 d - a scroll of fear
Potions
 e - a potion of haste
 g - a potion of heal wounds {unknown}


   Skills:
 + Level 3.3 Fighting
 * Level 2.1 Short Blades
 + Level 1.8 Dodging
 - Level 4.5 Stealth


You couldn't memorise any spells.
You didn't know any spells.
Your spell library was empty.

Dungeon Overview and Level Annotations

Branches:
Dungeon (5/15)
 Temple: D:4-7

Altars:


Innate Abilities, Weirdness & Mutations

Your plain brown scales are hard. (AC +4)
You cannot fit into any form of body armour.
You are cold-blooded and may be slowed by cold attacks.


Message History

You miss the orc wizard. The orc wizard barely misses you.
The giant cockroach barely misses you.
The orc hits you with a +0 mace of draining.
You feel drained.
You're too confused to move!
The giant cockroach barely misses you. The orc closely misses you.
The orc wizard completely misses you. The orc priest closely misses you.
The giant cockroach barely misses you.
The orc hits you with a +0 mace of draining.
You feel drained. The orc priest closely misses you.
You're too confused to move!
You feel less confused.
The orc priest miscasts a cantrip.
The orc hits you with a +0 mace of draining.
* * * LOW HITPOINT WARNING * * *
You feel drained.
* * * LOW HITPOINT WARNING * * *
The orc priest invokes the aid of Beogh against you.
Pain shoots through your body!
Ouch! That really hurt!
You die...

## #. #. .. ..
... ##.##. #.#
....? #.## ....
...# # #.. #..#
#.#..##..# .
#....@...# [.
##<..ooo.#####...
#(..B.o!........
#...............
#.......).......
#.......#####...
#.......# .
#....[..#
###>#####


You could see an orc priest, an orc wizard, 2 orcs and a giant cockroach.

Vanquished Creatures
  A leopard gecko (D:5)
  A quokka (D:5)
2 creatures vanquished.

Notes
Turn   | Place    | Note
-------+----------+-------------------------------------------
     0 | D:5      | epen the Draconian Delver began the quest for the Orb.
     0 | D:5      | Reached XP level 1. HP: 19/19 MP: 1/1
    66 | D:5      | Noticed an ice beast
    75 | D:5      | Noticed a phantom
   105 | D:4      | Noticed an orc wizard
   105 | D:4      | Noticed an orc priest
   120 | D:4      | Killed from afar by an orc priest

Illustrated notes

Levels and vault maps discovered:
D:4:      layout_loops_cross, uniq_grinder
D:5:      layout_basic, kennysheep_mini, minmay_temple_entry_statues_fountains,
          minmay_misc_feat_x

Action                   || total
-------------------------++-------
Melee: Short sword       ||    14
       Tailslap          ||     2
Armor: Skin              ||     8
Dodge: Dodged            ||    21

Table legend: (Time is in decaauts)
 A = Elapsed time spent in this place.
 B = Non-inter-level travel time spent in this place.
 C = Inter-level travel time spent in this place.
 D = Time resting spent in this place.
 E = Time spent auto-exploring this place.
 F = Levels seen in this place.
 G = Mean time per level.
                   A        B        C        D        E       F      G
               +--------+--------+--------+--------+--------+-----+--------+
         Total |    119 |    119 |      0 |     34 |      1 |   2 |   59.5 |
       Dungeon |    119 |    119 |      0 |     34 |      1 |   2 |   59.5 |
               +--------+--------+--------+--------+--------+-----+--------+

Top non-repeatable levels by time:
     D:5: 104 daAuts
     D:4: 14 daAuts
